 Dungeon Crawl Stone Soup version 0.27-a0-906-g0a00ce863d (webtiles) character file.

Game seed: 14609913922222385834

9 kae the Insei (level 2, 16/22 HPs)
             Began as a Demonspawn Gladiator on Apr 6, 2021.
             Quit the game on level 1 of the Dungeon.
             The game lasted 00:00:14 (326 turns).

kae the Insei (Demonspawn Gladiator)                 Turns: 326, Time: 00:00:14

Health: 16/22      AC:  3    Str: 14    XL:     2   Next: 3%
Magic:  2/2        EV: 12    Int:  9    God:
Gold:   7          SH:  0    Dex: 14    Spells: 1/1 levels left

rFire    . . .     SeeInvis .     - Unarmed
rCold    . . .     Faith    .   (no shield)
rNeg     . . .     Spirit   .   a - +0 leather armour
rPois    .         Reflect  .   (helmet restricted)
rElec    .         Harm     .   (no cloak)
rCorr    .         Rampage  .   (no gloves)
Will     .....                  (no boots)
Stlth    +.........             (no amulet)
HPRegen  0.07/turn              (no ring)
MPRegen  0.08/turn              (no ring)

@: no status effects
A: antennae 1
a: no special abilities


You were on level 1 of the Dungeon.
You visited 1 branch of the dungeon, and saw 1 of its levels.

You collected 7 gold pieces.

Inventory:

Missiles
 c - 3 throwing nets (quivered)
Armour
 a - a +0 leather armour (worn)
 b - a +0 helmet
Potions
 d - a potion of resistance {unknown}


   Skills:
 + Level 2.2 Fighting
 - Level 1.7 Throwing
 - Level 2.6 Dodging
 * Level 3.1 Unarmed Combat


You had one spell level left.
You didn't know any spells.
Your spell library was empty.

Dungeon Overview and Level Annotations

Branches:
Dungeon (1/15)

Altars:


Innate Abilities, Weirdness & Mutations

You have a pair of small antennae on your head.


Message History

You kill the rat!
Items here: ( ))) †††.
d - a cyan potion You now have 7 gold pieces.
You can't go up here!
A goblin comes into view. It is wielding a +0 dagger.
The goblin shouts!
You barely miss the goblin. The goblin hits you with a +0 dagger.
* * * LOW HITPOINT WARNING * * *
You hit the goblin.
The goblin is moderately wounded.
The goblin hits you but does no damage.
You hit the goblin.
You kill the goblin!
You see here a +0 dagger.
Items here: ( ))) †††.
There is a staircase leading out of the dungeon here.
Key pressed, stopping explore.
HP restored.
Found 21 sling bullets.
An endoplasm comes into view.
An endoplasm is nearby!
An endoplasm is nearby!
An endoplasm is nearby!
The endoplasm quivers.
An endoplasm is nearby!
You barely miss the endoplasm.
The endoplasm hits you but does no damage.
You hit the endoplasm.
The endoplasm is almost dead.
The endoplasm freezes you.
You are frozen.
An endoplasm is nearby!
You punch the endoplasm!
You kill the endoplasm!
You have reached level 2!
Your demonic ancestry asserts itself...
A pair of antennae grows on your head!
Your +0 helmet falls away!
Are you sure you want to abandon this character and quit the game? (Confirm with "yes".)

#####.#.#.#......#.#
#.........#..#.......
#.......###.##.###.##
#.(.....# ..
#.......# #.......#
#.......# #.......#
#...@...# #.......#
#.......# #.......#
#########


There were no monsters in sight!

Vanquished Creatures
  A bat (D:1)
  An endoplasm (D:1)
  2 goblins (D:1)
  A ball python (D:1)
  A frilled lizard (D:1)
  2 kobolds (D:1)
  A rat (D:1)
9 creatures vanquished.

Notes
Turn   | Place    | Note
-------+----------+-------------------------------------------
     0 | D:1      | kae the Demonspawn Gladiator began the quest for the Orb.
     0 | D:1      | Reached XP level 1. HP: 16/16 MP: 1/1
    41 | D:1      | Reached skill level 3 in Unarmed Combat
   326 | D:1      | Gained mutation: You have a pair of small antennae on your
                  | head. [demonic ancestry]
   326 | D:1      | Reached XP level 2. HP: 16/22 MP: 2/2
   326 | D:1      | Quit the game

Illustrated notes

Levels and vault maps discovered:
D:1:      mrwooster_arrival_statue_2, layout_basic, st_stairs_8

Skill      XL: |  1 |
---------------+----+-----
Unarmed Combat | 3 |  3.1
Fighting       | |  2.2
Throwing       | |  1.7
Dodging        | |  2.6

Action                   || total
-------------------------++-------
Melee: Unarmed           ||    27
Armor: Leather armour    ||    10
Dodge: Dodged            ||    14

Table legend: (Time is in decaauts)
 A = Elapsed time spent in this place.
 B = Non-inter-level travel time spent in this place.
 C = Inter-level travel time spent in this place.
 D = Time resting spent in this place.
 E = Time spent auto-exploring this place.
 F = Levels seen in this place.
 G = Mean time per level.
                   A        B        C        D        E       F      G
               +--------+--------+--------+--------+--------+-----+--------+
         Total |    324 |    306 |     18 |      0 |    250 |   1 |  324.0 |
       Dungeon |    324 |    306 |     18 |      0 |    250 |   1 |  324.0 |
               +--------+--------+--------+--------+--------+-----+--------+

Top non-repeatable levels by time:
     D:1: 324 daAuts
